 Dungeon Crawl Stone Soup version 0.29-a0-284-gf9362112df (webtiles) character file.

Game seed: 3649208083495383568

31 ryw the Charlatan (level 3, 0/28 HPs)
             Began as a Gnoll Wanderer on Mar 20, 2022.
             Succumbed to an adder's poison
             ... on level 2 of the Dungeon.
             The game lasted 00:02:30 (1510 turns).

ryw the Charlatan (Gnoll Wanderer)                  Turns: 1510, Time: 00:02:31

Health: 0/28       AC:  2    Str: 11    XL:     3   Next: 22%
Magic:  9/9        EV: 11    Int: 14    God:
Gold:   112        SH:  0    Dex: 10    Spells: 11/12 levels left

rFire   . . .      SeeInvis .   f - +5 short sword (holy)
rCold   . . .      Faith    .   (no shield)
rNeg    . . .      Spirit   .   d - +0 robe
rPois   .          Reflect  .   (no helmet)
rElec   .          Harm     .   (no cloak)
rCorr   .          Rampage  .   (no gloves)
Will    +....                   (no boots)
Stlth   +.........              (no amulet)
HPRegen 0.00/turn               (no ring)
MPRegen 0.11/turn               (no ring)

@: lethally poisoned (0 -> -6), inhibited regen
A: fangs 1, strong nose, distributed training, strong-willed 1, inhibited
regeneration
a: no special abilities


You were on level 2 of the Dungeon.
You visited 1 branch of the dungeon, and saw 2 of its levels.

You collected 112 gold pieces.

Inventory:

Hand Weapons
 f - a +5 short sword of holy wrath (weapon)
Missiles
 g - 4 javelins
 j - 3 poisoned darts
Armour
 d - a +0 robe (worn)
Wands
 b - a wand of polymorph (6)
Scrolls
 c - a scroll of silence
 e - a scroll of identify {unknown}
 i - a scroll of fear {unknown}
 k - a scroll of magic mapping {unknown}
 l - a scroll of teleportation {unknown}


   Skills:
 + Level 2.6 Fighting
 + Level 0.7 Short Blades
 + Level 0.7 Long Blades
 + Level 0.7 Axes
 + Level 0.7 Maces & Flails
 + Level 4.5 Polearms
 + Level 0.7 Staves
 + Level 0.7 Slings
 + Level 0.7 Bows
 + Level 0.7 Crossbows
 + Level 0.7 Throwing
 + Level 0.7 Armour
 + Level 0.7 Dodging
 + Level 0.7 Stealth
 + Level 0.7 Shields
 + Level 0.7 Unarmed Combat
 + Level 5.0 Spellcasting
 + Level 0.5 Conjurations
 + Level 0.5 Hexes
 + Level 0.5 Summonings
 + Level 0.5 Necromancy
 + Level 0.5 Translocations
 + Level 0.5 Transmutations
 + Level 0.5 Fire Magic
 + Level 0.5 Ice Magic
 + Level 0.5 Air Magic
 + Level 0.5 Earth Magic
 + Level 3.7 Poison Magic
 + Level 0.9 Invocations
 + Level 6.5 Evocations


You had 11 spell levels left.
You knew the following spells:

 Your Spells              Type           Power      Damage    Failure   Level
a - Sting                 Tmut/Pois      36%        1d4       8%          1

Your spell library contained the following spells:

 Spells                   Type           Power      Damage    Failure   Level
 Ignite Poison            Fire/Tmut/Pois 7%         N/A       26%         3


Dungeon Overview and Level Annotations

Branches:
Dungeon (2/15)

Altars:

Annotations:
D:2 1 runed translucent door, Crazy Yiuf


Innate Abilities, Weirdness & Mutations

You have very sharp teeth.
Your uncanny sense of smell can sniff out nearby items.
Your experience applies equally to all skills.
You are strong-willed. (Will+)
You do not regenerate when monsters are visible.


Message History

The ufetubus hits you but does no damage.
The goblin shoots a sling bullet.
The sling bullet barely misses you. The ufetubus hits you.
The ufetubus barely misses you. The ufetubus closely misses you.
The ufetubus hits you. The ufetubus barely misses you. x2
The ufetubus closely misses you. The ufetubus barely misses you.
The ufetubus attacks as you move away! The ufetubus hits you.
The ufetubus closely misses you. The ufetubus attacks as you move away!
The ufetubus hits you but does no damage.
The ufetubus closely misses you. The adder attacks as you move away!
The adder closely misses you. The ufetubus completely misses you.
The ufetubus hits you.
* * * LOW HITPOINT WARNING * * *
The adder barely misses you. The ufetubus closely misses you.
The ufetubus completely misses you.
It was a potion of mutation.
You feel extremely strange.
Your regeneration stops near monsters.
You feel strong-willed. The ufetubus hits you.
* * * LOW HITPOINT WARNING * * *
The ufetubus closely misses you.
It was a potion of curing.
You feel better. The ufetubus hits you.
The ufetubus barely misses you. x2; The ufetubus closely misses you.
You hit the ufetubus.
The ufetubus convulses.
You kill the ufetubus!
You closely miss the adder. Your punch misses the adder. The adder bites you.
* * * LOW HITPOINT WARNING * * *
The adder barely misses you.
You closely miss the adder. The adder bites you.
* * * LOW HITPOINT WARNING * * *
You closely miss the adder. The adder bites you.
* * * LOW HITPOINT WARNING * * *
You are lethally poisoned!
The adder poisons you!
You aren't carrying any potions.
Unknown command.
As you read the scroll labelled CESKAU CORR, it crumbles to dust.
It is a scroll of enchant weapon.
Your +4 short sword of holy wrath glows red for a moment.
You die...

################
...##..........#
.†.##..........#
.).............############
###
......†.......gS@........>#
#).
.####..........##########.#
#.. . ##########.## #.## ..
# #..# #..# #+ ##.## ###.##
♣. #..# #....# ♣♣
###.######.#.## ♣
#........#.#..# ♣
#........#.#.## ♣♣


You could see an adder and a goblin.

Vanquished Creatures
  An ufetubus (D:2)
  A ball python (D:1)
  2 bats (D:2)
  2 endoplasms
  6 goblins
  3 hobgoblins
  A kobold (D:2)
  2 quokkas (D:1)
  4 frilled lizards
  A rat (D:2)
23 creatures vanquished.

Notes
Turn   | Place    | Note
-------+----------+-------------------------------------------
     0 | D:1      | ryw the Gnoll Wanderer began the quest for the Orb.
     0 | D:1      | ryw set off with the following items: a +2 spear, a wand of
                  | polymorph (6), a scroll of silence, a +0 robe; and the
                  | following spell memorised: Sting; and the following spells
                  | available to memorise: Ignite Poison
     0 | D:1      | Reached XP level 1. HP: 17/17 MP: 6/6
    60 | D:1      | Found a faded altar of an unknown god.
   387 | D:1      | Reached XP level 2. HP: 23/23 MP: 7/7
  1230 | D:2      | Found a runed translucent door.
  1231 | D:2      | Noticed Crazy Yiuf
  1477 | D:2      | Reached XP level 3. HP: 28/28 MP: 9/9
  1487 | D:2      | Reached skill level 5 in Spellcasting
  1504 | D:2      | Gained mutation: You do not regenerate when monsters are
                  | visible. [potion of mutation]
  1504 | D:2      | Gained mutation: You are strong-willed. (Will+) [potion of
                  | mutation]
  1510 | D:2      | Succumbed to an adder's poison

Illustrated notes

Levels and vault maps discovered:
D:1:      dpeg_arrival_short_road, layout_basic,
          hellmonk_ecumenical_altar_lost_god, minmay_misc_feat_nine_boxes
D:2:      layout_basic, uniq_crazy_yiuf_cottage

Skill      XL: |  1  2  3 |
---------------+----------+-----
Spellcasting   | 5 |  5.0
Fighting       | |  2.6
Short Blades   | |  0.7
Long Blades    | |  0.7
Axes           | |  0.7
Maces & Flails | |  0.7
Polearms       | |  4.5
Staves         | |  0.7
Slings         | |  0.7
Bows           | |  0.7
Crossbows      | |  0.7
Throwing       | |  0.7
Armour         | |  0.7
Dodging        | |  0.7
Stealth        | |  0.7
Shields        | |  0.7
Unarmed Combat | |  0.7
Conjurations   | |  0.5
Hexes          | |  0.5
Summonings     | |  0.5
Necromancy     | |  0.5
Translocations | |  0.5
Transmutations | |  0.5
Fire Magic     | |  0.5
Ice Magic      | |  0.5
Air Magic      | |  0.5
Earth Magic    | |  0.5
Poison Magic   | |  3.7
Invocations    | |  0.9
Evocations     | |  6.5

Action                   || total
-------------------------++-------
Melee: Short sword       ||    47
       Spear             ||     3
       Bite              ||     1
 Cast: Sting             ||     2
  Use: Potion            ||     2
       Scroll            ||     1
Armor: Robe              ||    12
Dodge: Dodged            ||    41

Table legend: (Time is in decaauts)
 A = Elapsed time spent in this place.
 B = Non-inter-level travel time spent in this place.
 C = Inter-level travel time spent in this place.
 D = Time resting spent in this place.
 E = Time spent auto-exploring this place.
 F = Levels seen in this place.
 G = Mean time per level.
                   A        B        C        D        E       F      G
               +--------+--------+--------+--------+--------+-----+--------+
         Total |   1512 |   1506 |      6 |    207 |   1104 |   2 |  756.0 |
       Dungeon |   1512 |   1506 |      6 |    207 |   1104 |   2 |  756.0 |
               +--------+--------+--------+--------+--------+-----+--------+

Top non-repeatable levels by time:
     D:1: 959 daAuts
     D:2: 553 daAuts
